Map: King's Cove LE

Players

Ryu - Winner!

  • Race: Terran Terran
  • League: Master
  • Spawn Location: 11:00

A.I. 1 (Very Easy)

  • Race: Protoss Protoss
  • Spawn Location: 5:00

VOD

https://www.youtube.com/watch?v=BC_xUzNdIGw

Description

Time

  • Played on: Jan. 16, 2019, 10:32 a.m.
  • Length: 10:48
Show
View Real Time Build Order
Export as new Build Order

Ryu Terran - Winner!

Build Orders:  

Get SALT Encoding   

  12  0:00  SCV  
  13  0:13  SCV  
  14  0:18  Supply Depot  
  14  0:25  SCV  
  15  0:39  SCV  
  15  0:40  Barracks  
  16  0:44  Refinery  
  16  0:51  SCV  
  17  1:03  SCV  
  18  1:15  SCV  
  19  1:27  Marine  
  19  1:28  Orbital Command  
  20  1:42  Command Center  
  20  1:46  Barracks Reactor  
  20  1:53  Supply Depot  
  20  1:55  SCV  
  21  2:07  SCV  
  22  2:11  Barracks  
  22  2:19  SCV  
  22  2:20  Barracks  
  22  2:22  Marine  
  23  2:25  Marine  
  25  2:31  SCV  
  26  2:42  Marine  
  26  2:43  SCV, Marine  
  29  2:54  Orbital Command  
  29  2:58  Barracks Tech Lab  
  29  3:00  Marine  
  29  3:01  Marine  
  29  3:02  SCV  
  32  3:06  Engineering Bay  
  32  3:07  Marine  
  33  3:16  SCV  
  33  3:17  Stimpack  
  33  3:18  Marine x2  
  33  3:19  Marine  
  37  3:24  SCV  
  38  3:28  SCV, Supply Depot  
  38  3:30  Barracks Tech Lab  
  39  3:34  Terran Infantry Weapons Level 1  
  39  3:37  SCV  
  40  3:41  SCV  
  40  3:42  Marine x2  
  40  3:44  Marine  
  44  3:49  Combat Shield, SCV, Marine  
  44  3:54  Supply Depot  
  46  3:58  Missile Turret  
  46  3:59  SCV  
  46  4:01  SCV  
  48  4:04  Supply Depot  
  48  4:05  Marine  
  48  4:07  Marine x2  
  48  4:09  Marine  
  52  4:13  SCV x2  
  54  4:25  Marauder, Marine  
  54  4:26  Marauder  
  54  4:27  Marine  
  54  4:28  SCV x2  
  62  4:32  Supply Depot  
  62  4:36  Factory  
  62  4:40  Refinery  
  62  4:42  SCV  
  62  4:43  Refinery, SCV, Marine  
  62  4:45  Marine  
  66  4:47  Marine x2  
  68  4:54  SCV  
  68  4:55  Missile Turret, SCV  
  70  5:01  Supply Depot  
  70  5:06  SCV  
  71  5:08  SCV  
  71  5:09  Marine x4  
  76  5:20  SCV  
  77  5:21  Starport  
  77  5:22  Factory Reactor, Barracks x2  
  77  5:26  Refinery  
  77  5:30  SCV  
  77  5:32  SCV  
  79  5:39  Terran Infantry Armor Level 1  
  79  5:40  Concussive Shells  
  79  5:41  Marine x4  
  79  5:42  SCV  
  84  5:46  SCV  
  85  5:54  SCV  
  86  6:02  Command Center  
  86  6:05  Supply Depot  
  86  6:11  Supply Depot  
  86  6:13  Barracks Reactor, Barracks Tech Lab  
  86  6:14  Factory Reactor  
  86  6:21  Supply Depot  
  86  6:22  Marauder x2, SCV x2, Marine  
  93  6:32  Marauder  
  95  6:33  Marine, Medivac  
  95  6:34  SCV x2, Medivac  
  95  6:39  Marine  
  102  6:44  Marauder x2  
  107  6:50  Marine  
  107  6:51  Engineering Bay  
  107  6:52  Armory  
  107  6:53  Marine x2  
  112  6:54  Marauder  
  112  7:05  Medivac x2  
  112  7:07  Widow Mine  
  118  7:14  Widow Mine, Marine x2  
  122  7:15  Orbital Command  
  122  7:19  SCV x2, Marine x2  
  126  7:29  Widow Mine  
  128  7:31  SCV x2  
  128  7:33  Refinery  
  128  7:35  Refinery, Medivac  
  132  7:39  Terran Infantry Weapons Level 2  
  132  7:41  Marine  
  133  7:44  Supply Depot  
  133  7:50  Supply Depot  
  133  7:51  Terran Infantry Armor Level 2  
  133  8:05  Medivac, Marine, Starport  
  133  8:06  Widow Mine  
  133  8:08  Fusion Core  
  138  8:14  SCV x3  
  138  8:15  Supply Depot  
  138  8:16  Supply Depot  
  138  8:17  Terran Ship Weapons Level 1  
  141  8:21  Marine x3, Supply Depot  
  141  8:22  Liberator  
  141  8:25  Supply Depot  
  141  8:26  Marauder x2  
  148  8:32  Marine, Supply Depot  
  149  8:37  Marauder, Widow Mine x2  
  158  8:41  Starport Tech Lab  
  158  8:48  Marauder, Supply Depot  
  160  8:51  Command Center  
  160  8:55  SCV x2  
  162  8:56  Marine x3  
  162  8:57  Marine, Liberator  
  162  8:59  Widow Mine  
  168  9:03  Ghost Academy  
  168  9:04  Advanced Ballistics  
  168  9:05  Liberator  
  168  9:07  Marauder  
  168  9:09  Marauder  
  172  9:10  Marauder  
  172  9:11  Liberator  
  177  9:23  Marine x2, Supply Depot x2  
  182  9:24  Marine  
  186  9:36  Marine  
  187  9:40  Ghost  
  187  9:45  Ghost  
  191  9:47  Liberator  
  191  9:51  Marine x3  
  191  9:52  Ghost  
  194  9:54  Marine  
  200  10:29  Refinery  
  200  10:35  Refinery, Barracks x3  
Show
View Real Time Build Order
Export as new Build Order

A.I. 1 (Very Easy) Protoss 

Build Orders: 1 Gate Expand, Nexus First 

Get SALT Encoding   

  12  0:00  Probe  
  13  0:13  Probe  
  14  0:21  Pylon  
  14  0:43  Gateway  
  14  1:03  Nexus  
  14  1:21  Pylon  
  14  1:23  Zealot  
  14  1:26  Assimilator  
  16  1:38  Cybernetics Core  
  16  1:39  Probe  
  17  1:52  Probe  
  18  2:01  Probe  
  18  2:02  Assimilator  
  19  2:08  Stalker  
  19  2:09  Probe  
  20  2:18  Warp Gate, Probe  
  23  2:25  Probe  
  24  2:33  Probe  
  25  2:40  Probe  
  26  2:47  Assimilator  
  26  2:48  Probe  
  26  2:49  Pylon  
  27  2:56  Probe  
  28  3:03  Probe  
  29  3:10  Probe  
  30  3:16  Zealot  
  30  3:17  Probe  
  30  3:18  Robotics Facility  
  33  3:32  Probe  
  34  3:39  Probe  
  35  3:46  Probe  
  36  3:53  Probe  
  37  4:00  Probe  
  38  4:04  Observer  
  38  4:07  Probe  
  40  4:15  Probe  
  41  4:18  Observer  
  41  4:22  Probe  
  42  4:29  Probe  
  44  4:32  Sentry  
  44  4:33  Assimilator  
  44  4:36  Probe  
  47  4:41  Pylon  
  47  4:43  Probe  
  48  4:50  Probe  
  49  4:58  Probe  
  50  5:54  Zealot  
  50  5:59  Probe  
  50  6:00  Pylon  
  40  6:11  Probe  
  32  6:19  Probe  
  32  6:23  Stalker  
  34  6:27  Pylon  
  34  6:28  Probe  
  14  6:35  Observer  
Tags
 
Add a new tag
Caveats
  • Supply blocks, unpowered buildings, or Contaminate may cause inaccurate times.
  • Supply counts are checked every 10 seconds.